 Dungeon Crawl Stone Soup version 0.26.1-11-gd32895ea62 (webtiles) character file.

Game seed: 7582740048418836621

33117 vvl the Impaler (level 13, -4/104 HPs)
             Began as a Merfolk Berserker on June 18, 2021.
             Was a High Priest of Trog.
             Slain by an eight-headed hydra (9 damage)
             ... on level 1 of the Lair of Beasts on July 5, 2021.
             The game lasted 00:53:50 (23488 turns).

vvl the Impaler (Merfolk Berserker)                Turns: 23488, Time: 00:53:51

Health: -4/104     AC: 13    Str: 26    XL:     13   Next: 68%
Magic:  4/4        EV: 21    Int:  9    God:    Trog [*****.]
Gold:   709        SH:  8    Dex: 21    Spells: 12/12 levels left

rFire    . . .     SeeInvis +   D - +2 trident (antimagic)
rCold    + . .     Faith    .   L - +1 buckler of Uczar {Int+2}
rNeg     . . .     Spirit   .   w - +2 ring mail {rC+}
rPois    +         Reflect  .   (no helmet)
rElec    .         Harm     .   K - +0 cloak "Ezeokk" {Str+4 Dex+8 Slay-2}
rCorr    .         Rampage  .   p - +1 pair of gloves
Will     .....                  x - +0 pair of boots
Stlth    +.........             (no amulet)
HPRegen  0.27/turn              n - ring of poison resistance
MPRegen  0.09/turn              i - ring of see invisible

@: no status effects
A: change form in water, swift swim, stealthy swim
a: Renounce Religion, Berserk, Trog's Hand, Brothers in Arms


You were on level 1 of the Lair of Beasts.
You worshipped Trog.
Trog was extremely pleased with you.
You visited 2 branches of the dungeon, and saw 15 of its levels.
You also visited: Sewer.

You collected 1130 gold pieces.
You spent 421 gold pieces at shops.

Inventory:

Hand Weapons
 D - a +2 antimagic trident (weapon)
Armour
 p - a +1 pair of gloves (worn)
 w - a +2 ring mail of cold resistance (worn)
 x - a +0 pair of boots (worn)
 K - the +0 cloak "Ezeokk" (worn) {Str+4 Dex+8 Slay-2}
   (You found it on level 8 of the Dungeon)

   It affects your strength (+4).
   It affects your dexterity (+8).
   It affects your accuracy and damage with ranged weapons and melee attacks
   (-2).
 L - the +1 buckler of Uczar (worn) {Int+2}
   (You took it off a wight on level 8 of the Dungeon)

   It affects your intelligence (+2).
Jewellery
 i - a ring of see invisible (right hand)
 n - a ring of poison resistance (left hand)
Wands
 s - a wand of paralysis (7)
 y - a wand of enslavement (8)
 z - a wand of random effects (6)
 C - a wand of flame (19)
 F - a wand of iceblast (10)
 J - a wand of acid (29)
Scrolls
 c - 5 scrolls of amnesia
 d - 7 scrolls of enchant armour
 e - 3 scrolls of blinking
 h - 17 scrolls of teleportation
 j - 3 scrolls of fear
 k - 4 scrolls of enchant weapon
 m - 7 scrolls of remove curse
 v - 4 scrolls of magic mapping
 B - 2 scrolls of silence
 E - 4 scrolls of immolation
 H - a scroll of summoning
 M - 2 scrolls of identify
 O - a scroll of vulnerability
Potions
 b - 5 potions of heal wounds
 f - a potion of cancellation
 l - 5 potions of attraction
 o - 9 potions of curing {unknown}
 q - 3 potions of resistance
 r - 4 potions of brilliance {unknown}
 t - 2 potions of mutation {unknown}
 u - 2 potions of haste {unknown}
 A - 2 potions of might {unknown}
 G - 3 potions of flight {unknown}
 I - a potion of magic {unknown}
 N - a potion of lignification {unknown}
 P - a potion of berserk rage {unknown}
 R - a potion of ambrosia {unknown}
 S - a potion of invisibility {unknown}
Miscellaneous
 Q - a phantom mirror


   Skills:
 + Level 10.5 Fighting
 - Level 17.1 Polearms
 + Level 7.2 Armour
 + Level 11.9 Dodging
 + Level 9.1 Shields
 + Level 7.1 Evocations


You had 12 spell levels left.
You didn't know any spells.
Your spell library contained the following spells:

 Spells                   Type           Power        Failure   Level
 Animate Skeleton         Necr           0%           50%         1
 Pain                     Necr           0%           50%         1
 Sandblast                Erth           0%           50%         1
 Shock                    Conj/Air       0%           50%         1
 Corpse Rot               Necr/Air       N/A          65%         2
 Passwall                 Tmut/Erth      0%           65%         2
 Swiftness                Air            0%           65%         2
 Static Discharge         Conj/Air       0%           86%         3
 Stone Arrow              Conj/Erth      0%           86%         3
 Airstrike                Air            0%           99%         4
 Petrify                  Tmut/Erth      0%           99%         4
 Lee's Rapid Deconstruct  Erth           0%           100%        5
 Lightning Bolt           Conj/Air       0%           100%        5
 Death Channel            Necr           0%           100%        6


Dungeon Overview and Level Annotations

Branches:
Dungeon (14/15)            Temple (0/1) D:4            Lair (1/6) D:10
    Orc (0/2) D:11         Vaults (0/5) D:14          Sewer (visited)

Altars:
Ashenzari
Dithmenos
Elyvilon
Fedhas
Gozag
Nemelex Xobeh
Okawaru
Qazlal
Ru
Trog
Xom
Yredelemnul
The Shining One

Shops:
D:4 *   D:5 *   D:7 =   D:8 *

Annotations:
D:5 4 runed translucent doors
D:8 1 runed translucent door


Message History

The eight-headed hydra is severely wounded.
You puncture the eight-headed hydra!
The eight-headed hydra is almost dead.
The eight-headed hydra bites you but does no damage.
The eight-headed hydra bites you! The eight-headed hydra misses you.
The eight-headed hydra completely misses you.
You block the eight-headed hydra's attack.
The eight-headed hydra misses you. The eight-headed hydra bites you!
* * * LOW HITPOINT WARNING * * *
The eight-headed hydra bites you.
* * * LOW HITPOINT WARNING * * *
You hit the eight-headed hydra.
The eight-headed hydra is almost dead.
The eight-headed hydra bites you but does no damage.
The eight-headed hydra misses you. The eight-headed hydra bites you!
* * * LOW HITPOINT WARNING * * *
The eight-headed hydra bites you!
* * * LOW HITPOINT WARNING * * *
The eight-headed hydra bites you!
You die...

## ... ...
##......... ...
....#.........b
....
....#..........
....
..............
....
#............
.... #...........
....
###.D........
.... ##....@##
..# ##.....#.##
### ....$...#†##
# ........##.###
#.
......###.#..####
#... ...###
##....#.# #....
... #####...#.#
#...... ..
##..###...#
#.......
##......#....#


You could see an eight-headed hydra.

Vanquished Creatures
  Nessos (D:12)
  Josephine (D:11)
  2 dancing weapons (D:14)
  A centaur warrior (D:14)
  5 two-headed ogres
  Nergalle (D:10)
  5 skeletal warriors (D:12)
  A deep elf mage (D:12)
  A manticore (D:14)
  5 ugly things
  2 cane toads (Lair:1)
  A gargoyle (D:10)
  A kobold demonologist (D:11)
  3 komodo dragons (Lair:1)
  3 trolls
  A tengu conjurer (D:13)
  A blink frog (shapeshifter) (D:13)
  8 wraiths
  Sigmund (D:6)
  4 wyverns (D:10)
  2 basilisks
  8 yaks
  2 vampire mosquitoes (D:14)
  Edmund (D:5)
  3 acid dragons
  A soldier ant (D:14)
  A naga (shapeshifter) (D:14)
  Duvessa (D:4)
  7 water moccasins
  A floating eye (D:11)
  A hornet zombie (D:9)
  5 orc warriors
  5 sky beasts
  A necrophage (D:8)
  12 ogres
  2 black bears (D:10)
  6 ice beasts
  10 phantoms
  A wolf (D:10)
  6 centaurs
  8 big kobolds
  13 bullfrogs
  Dowan (D:4)
  5 scorpions
  2 jellies (D:14)
  10 killer bees
  13 wights
  8 howler monkeys
  2 bullfrog zombies
  3 quasits
  6 centaur zombies
  9 hounds
  8 orc priests
  A bullfrog skeleton (D:6)
  15 orc wizards
  5 centaur skeletons
  Terence (D:3)
  4 iguanas
  11 worker ants
  2 hound skeletons
  A worker ant zombie (D:5)
  A howler monkey skeleton (D:4)
  13 adders
  3 shadow imps
  7 white imps
  An ufetubus (D:6)
  2 oozes (Sewer)
  2 adder zombies (D:5)
  3 adder skeletons
  8 worms
  2 dart slugs
  8 leopard geckos
  73 orcs
  5 ball pythons
  5 bats
  5 giant cockroaches
  4 goblins
  11 hobgoblins
  15 jackals
  5 quokkas
  5 frilled lizards
  A goblin skeleton (D:8)
  2 jackal skeletons
  31 kobolds
  A kobold skeleton (D:8)
  A leopard gecko skeleton (D:6)
  3 quokka skeletons
  11 rats
480 creatures vanquished.

Vanquished Creatures (collateral kills)
  A tengu warrior (D:13)
  2 ugly things (D:14)
  A necrophage (D:13)
  A bullfrog (D:14)
  2 orcs (D:13)
7 creatures vanquished.

Vanquished Creatures (others)
  2 fungi (D:10)
  17 plants
19 creatures vanquished.

Grand Total: 506 creatures vanquished

Notes
Turn   | Place    | Note
-------+----------+-------------------------------------------
     0 | D:1      | vvl the Merfolk Berserker began the quest for the Orb.
     0 | D:1      | Reached XP level 1. HP: 18/18 MP: 1/1
   165 | D:1      | Reached XP level 2. HP: 16/24 MP: 2/2
  1142 | D:1      | Found a shimmering altar of Xom.
  1275 | D:2      | Reached skill level 5 in Polearms
  1275 | D:2      | Reached XP level 3. HP: 26/29 MP: 3/3
  1409 | D:2      | Reached skill level 1 in Shields
  1601 | D:2      | Reached XP level 4. HP: 33/36 MP: 4/4
  1958 | D:3      | Reached ** piety under Trog
  2137 | D:3      | Reached XP level 5. HP: 42/42 MP: 5/5
  2148 | D:3      | Reached skill level 6 in Polearms
  2372 | D:3      | Found a faded altar of an unknown god.
  2615 | D:3      | Noticed Terence
  2621 | D:3      | Killed Terence
  2695 | D:3      | Noticed a big kobold
  2700 | D:3      | Noticed a big kobold
  2794 | D:3      | Killed a big kobold
  2795 | D:3      | Reached XP level 6. HP: 34/42 MP: 6/6
  3093 | D:3      | Found a sparkling altar of Nemelex Xobeh.
  3148 | D:4      | Reached skill level 7 in Polearms
  3154 | D:4      | Reached *** piety under Trog
  3158 | D:4      | Found a stormy altar of Qazlal.
  3358 | D:4      | Found Euduuwe's Eclectic Emporium.
  3393 | D:4      | Reached XP level 7. HP: 55/55 MP: 7/7
  3439 | D:4      | Noticed Dowan
  3441 | D:4      | Noticed Duvessa
  3458 | D:4      | Killed Duvessa
  3460 | D:4      | Killed Dowan
  3461 | D:4      | Reached skill level 8 in Polearms
  3507 | D:4      | Found a staircase to the Ecumenical Temple.
  3535 | D:4      | Found a sacrificial altar of Ru.
  3670 | D:4      | Found a blossoming altar of Fedhas.
  3772 | D:4      | Reached skill level 5 in Dodging
  3807 | D:4      | Reached skill level 5 in Fighting
  3853 | D:5      | Entered Level 5 of the Dungeon
  3865 | D:5      | Reached XP level 8. HP: 62/62 MP: 8/8
  4185 | D:5      | Found Kityuhue's Assorted Antiques.
  4193 | D:5      | Bought a yellow potion for 19 gold pieces
  4193 | D:5      | Bought a potion of resistance for 220 gold pieces
  4220 | D:5      | Noticed Edmund
  4238 | D:5      | Killed Edmund
  4239 | D:5      | Reached skill level 9 in Polearms
  4479 | D:5      | Found a glowing drain.
  4488 | Sewer    | Entered a sewer
  5059 | Sewer    | Reached skill level 10 in Polearms
  5293 | Sewer    | Reached **** piety under Trog
  5385 | Sewer    | Reached XP level 9. HP: 66/69 MP: 9/9
  5691 | D:5      | Found a large runed translucent door.
  5691 | D:5      | Found a large runed translucent door.
  5704 | D:5      | Found a large runed translucent door.
  5704 | D:5      | Found a large runed translucent door.
  5802 | D:5      | Identified Focesidd's Grimoire of Earthen Evil
  6262 | D:5      | You fall into a shaft and drop 1 floor!
  6454 | D:6      | Found a glowing golden altar of the Shining One.
  6628 | D:6      | Reached skill level 11 in Polearms
  6829 | D:6      | Found a broken altar of Ashenzari.
  7153 | D:6      | Reached skill level 5 in Shields
  7748 | D:6      | Reached ***** piety under Trog
  7986 | D:6      | Noticed Sigmund
  8015 | D:6      | Killed Sigmund
  8537 | D:7      | Reached skill level 12 in Polearms
  8537 | D:7      | Reached XP level 10. HP: 35/77 MP: 10/10
  9091 | D:7      | Found Cecoemn's Jewellery Shop.
  9195 | D:7      | Reached skill level 1 in Evocations
 10993 | D:8      | Got a faintly glowing cloak
 10999 | D:8      | Identified the +0 cloak "Ezeokk" {Str+4 Dex+8 Slay-2} (You
                  | found it on level 8 of the Dungeon)
 11357 | D:8      | Found Pipeelis's Assorted Antiques.
 11363 | D:8      | Bought a scroll of teleportation for 84 gold pieces
 11363 | D:8      | Bought a scroll of fear for 98 gold pieces
 11536 | D:8      | Identified the +1 buckler of Uczar {Int+2}
 11793 | D:8      | Found an iron altar of Okawaru.
 12206 | D:8      | Reached skill level 13 in Polearms
 12275 | D:8      | Found a runed translucent door.
 12310 | D:8      | Found a basalt altar of Yredelemnul.
 12618 | D:9      | Reached skill level 5 in Armour
 13215 | D:9      | Found a bloodstained altar of Trog.
 13264 | D:9      | Found an opulent altar of Gozag.
 13490 | D:9      | Found a white marble altar of Elyvilon.
 13543 | D:9      | Found a basalt altar of Yredelemnul.
 13739 | D:10     | Entered Level 10 of the Dungeon
 13774 | D:10     | Reached XP level 11. HP: 84/86 MP: 11/11
 13819 | D:10     | Found a staircase to the Lair.
 14524 | D:10     | Reached skill level 14 in Polearms
 14592 | D:10     | Found a shadowy altar of Dithmenos.
 15246 | D:10     | Noticed Nergalle
 15288 | D:10     | Killed Nergalle
 15806 | D:11     | Noticed a sun demon
 15812 | D:10     | Received a gift from Trog
 16454 | D:11     | Found a staircase to the Orcish Mines.
 16908 | D:11     | Noticed Josephine
 16923 | D:11     | Reached skill level 10 in Dodging
 16938 | D:11     | Killed Josephine
 16942 | D:11     | Reached XP level 12. HP: 43/94 MP: 4/12
 16962 | D:11     | Reached skill level 15 in Polearms
 17558 | D:12     | Reached skill level 5 in Evocations
 18189 | D:12     | Noticed Nessos
 18208 | D:12     | Killed Nessos
 18617 | D:12     | Noticed a two-headed ogre
 18618 | D:12     | Found a sacrificial altar of Ru.
 18634 | D:12     | Killed a two-headed ogre
 18688 | D:12     | You fall into a shaft and drop 1 floor!
 18694 | D:13     | Noticed a tengu warrior
 18712 | D:13     | Killed a tengu warrior
 18713 | D:13     | Reached skill level 16 in Polearms
 18747 | D:13     | Noticed a two-headed ogre
 18753 | D:13     | Killed a two-headed ogre
 19085 | D:13     | Noticed a two-headed ogre
 19104 | D:13     | Killed a two-headed ogre
 19105 | D:13     | Reached XP level 13. HP: 40/103 MP: 4/13
 19472 | D:13     | You fall into a shaft and drop 1 floor!
 19656 | D:14     | Reached skill level 10 in Fighting
 20419 | D:14     | Reached skill level 17 in Polearms
 21125 | D:14     | Received a gift from Trog
 21859 | D:14     | Found a gate to the Vaults.
 22809 | Lair:1   | Entered Level 1 of the Lair of Beasts
 23488 | Lair:1   | HP: 5/104 [eight-headed hydra (11)]
 23488 | Lair:1   | Slain by an eight-headed hydra

Illustrated notes

Levels and vault maps discovered:
D:1:      mainiacjoe_arrival_reflecting_pool, layout_basic, minivault_26,
          minmay_liquid_box, xom_teletrap_fun
D:2:      layout_basic, minivault_24, minmay_tromino_v2
D:3:      cheibrodos_thug_alley, layout_loops_ring,
          lemuel_coloured_pillars_altar, chequers_ecumenical_altar_grove,
          nicolae_underground_beach, uniq_terence
D:4:      layout_rooms, lemuel_crystal_altar, lemuel_crystal_altar,
          minmay_temple_entry_fiery, nicolae_alphabet_shops, fedhas_altar_4,
          uniq_duvessa
D:5:      layout_cave_pools, serial_shops, shop, cheibrodos_sewer_entry_drain,
          chequers_garden, minmay_hollow_rounded_squares, uniq_edmund
D:6:      minmay_razor_zed, layout_rooms, nicolae_overflow_crystal_walls,
          tso_metal_star, sigmund_army
D:7:      layout_loops_corners, serial_shops, shop
D:8:      layout_loops_ring, overflow_temple_1_default, serial_shops, shop,
          dk_yredelemnul_ordeal
D:9:      wad_crossroads, layout_small_grid, kennysheep_ying_yang,
          lightli_temple_of_fire, grunt_gozag_breadcrumbs, serial_bayou_pond_c
D:10:     layout_loops_ring, minmay_lair_entry_grove, small_statue_alley_a,
          grunt_dithmenos_smoke, uniq_nergalle
D:11:     layout_cave_pools, hiddenorc2_lemuel, onia_ninara_cookie,
          uniq_josephine
D:12:     layout_loops_ring, nicolae_ru_awakened_eye, uniq_nessos
D:13:     layout_cave_pools
D:14:     layout_irregular_city, erik_vaults_1, minmay_misc_feat_nine_boxes
Lair:1:   layout_cave_pods, beast_lair_carwin_2, lemuel_fruit_fields,
          infiniplex_staircase_pool, grunt_megastairs_3

Skill      XL: |  1  2  3  4  5  6  7  8  9 10 11 12 13 |
---------------+----------------------------------------+-----
Dodging        | 3 4 5 6 7 9 10 11 | 11.9
Polearms       | 5 6 7 8 10 12 13 14 16 17 | 17.1
Shields        | 1 2 3 4 5 6 7 8 9 |  9.1
Armour         | 2 3 4 5 6 7 |  7.2
Fighting       | 4 5 6 7 8 9 10 | 10.5
Evocations     | 3 4 6 7 |  7.1

Action                   |  1- 3 |  4- 6 |  7- 9 | 10-12 | 13-15 || total
-------------------------+-------+-------+-------+-------+-------++-------
Melee: Spear             |   135 |   307 |   833 |  1460 |       ||  2735
       Tailslap          |       |       |    11 |    13 |       ||    24
       Trident           |       |       |       |   510 |   415 ||   925
Invok: Berserk           |     1 |     3 |     7 |     9 |     4 ||    24
       Trog's Hand       |       |       |     4 |     9 |     2 ||    15
       Brothers in Arms  |       |       |       |     1 |     1 ||     2
Evoke: Wand              |       |       |       |     8 |       ||     8
  Use: Scroll            |       |     7 |     3 |     7 |     3 ||    20
       Potion            |       |       |     1 |       |       ||     1
 Stab: Paralysed         |       |       |       |    11 |       ||    11
       Sleeping          |       |       |       |     2 |       ||     2
Armor: Animal skin       |     6 |       |       |       |       ||     6
       Plate armour      |    44 |   235 |   158 |       |       ||   437
       Ring mail         |       |       |    81 |   226 |    34 ||   341
Dodge: Dodged            |    44 |    92 |   265 |   774 |   195 ||  1370
Block: Buckler           |       |       |       |   320 |   103 ||   423
